 Dungeon Crawl Stone Soup version 0.24.0-123-gd5b16e6ec5 (webtiles) character file.

Game seed: 10214982193903726377, levelgen mode: deterministic

2029 Ponchio the Geomancer (level 9, -5/49 HPs)
             Began as a Deep Elf Earth Elementalist on Jan 20, 2020.
             Slain by an orc warrior
             ... wielding a +0 halberd
              (13 damage)
             ... on level 6 of the Dungeon.
             The game lasted 00:27:25 (5447 turns).

Ponchio the Geomancer (Deep Elf Earth Elementalist) Turns: 5447, Time: 00:27:26

Health: -5/49      AC:  8    Str:  5    XL:     9   Next: 3%
Magic:  12/24      EV: 14    Int: 24    God:
Gold:   332        SH:  0    Dex: 15    Spells: 11/26 levels left

rFire    . . .     SeeInvis .   k - +3 dagger (venom)
rCold    . . .     Gourm    .   (no shield)
rNeg     . . .     Faith    .   c - +0 robe
rPois    .         Spirit   .   q - +1 helmet
rElec    .         Reflect  .   (no cloak)
rCorr    .         Harm     .   m - +0 pair of gloves
MR       .....                  l - +2 pair of boots
Stlth    ++........             (no amulet)
HPRegen  0.16/turn              (no ring)
MPRegen  0.19/turn              (no ring)

@: lightly drained
A: no striking features
a: no special abilities


You were on level 6 of the Dungeon.
You were hungry.

You visited 2 branches of the dungeon, and saw 7 of its levels.
You also visited: Sewer.

You collected 332 gold pieces.

Inventory:

Hand Weapons
 f - a +2 short sword of freezing
 i - a +1 dagger
 k - a +3 dagger of venom (weapon)
Missiles
 b - 190 stones (quivered)
Armour
 c - a +0 robe (worn)
 l - a +2 pair of boots (worn)
 m - a +0 pair of gloves (worn)
 q - a +1 helmet (worn)
Magical Staves
 a - an uncursed staff of cold
Jewellery
 v - an uncursed amulet of harm
Wands
 t - a wand of iceblast (10)
 y - a wand of flame (7)
Scrolls
 n - a scroll of enchant armour
 p - a scroll of blinking
 x - a scroll of fear
Potions
 e - 5 potions of curing
 g - 2 potions of heal wounds
 h - 4 potions of brilliance
 j - a potion of berserk rage {unknown}
 o - a potion of invisibility
 r - a potion of flight
 s - 2 potions of cancellation {unknown}
 u - 3 potions of lignification
 w - a potion of magic {unknown}
Comestibles
 d - 13 rations


   Skills:
 * Level 2.6(2.3) Fighting
 + Level 3.8(3.5) Dodging
 - Level 2.4(2.1) Stealth
 + Level 9.2(8.9) Spellcasting
 - Level 1.1(0.8) Transmutations
 - Level 10.1(9.8) Earth Magic


You had 11 spell levels left.
You knew the following spells:

 Your Spells              Type           Power        Failure   Level  Hunger
a - Sandblast             Erth           ######       1%          1    None
b - Passwall              Tmut/Erth      #####...     1%          2    None
c - Stone Arrow           Conj/Erth      ####..       2%          3    None
d - Petrify               Tmut/Erth      #####...     7%          4    ##.....
e - Lee's Rapid Deconstr  Erth           ######....   3%          5    ####...

Your spell library contained the following spells:

 Spells                   Type           Power        Failure   Level  Hunger


Dungeon Overview and Level Annotations

Branches:
Dungeon (6/15)             Temple (1/1) D:5           Sewer (visited)

Altars:
Cheibriados
Dithmenos
Elyvilon
Fedhas
Gozag
Hepliaklqana
Kikubaaqudgha
Okawaru
Qazlal
Trog
Uskayaw
Wu Jian
Yredelemnul
The Shining One
Beogh

Annotations:
D:3 3 runed translucent doors, splitbrain's ghost, amateur HuAs


Message History

The orc warrior is severely wounded.
b - 190 stones The orc wizard shouts!
The orc warrior hits you from afar with a +0 halberd!!
* * * LOW HITPOINT WARNING * * *
An orc wizard comes into view. It is wielding a +0 trident.
Things that are here:
a +0 dagger; a +0 robe The orc wizard gestures wildly while chanting.
The orc wizard seems to speed up.
The orc wizard gestures at you while chanting.
The puff of flame misses you.
The orc wizard mumbles some strange words.
The orc wizard flickers and vanishes!
Deactivating autopickup; reactivate with Ctrl-A.
The orc wizard casts a spell.
The orc wizard flickers and vanishes!
There is a stone staircase leading down here.
The orc warrior hits you from afar with a +0 halberd!
You die...

..........#.# #..................
##.####...#.###..###....o{.......
##)# #....)..........o........#
##.# #.#.#.##.....#...##########
##.# #.###.##.#..## ...########.#
##.#.#..# #.........#.#####.....#
#(######..........o#..# #.#
#..#.....@.....# #.#
#..##########.## #.# #..# #.# #..
.... ..# ### ###### ###


You could see an orc warrior and an orc wizard.

Vanquished Creatures
  Eustachio (D:5)
  Duvessa (D:4)
  Purgy (Sewer)
  An ice beast (D:5)
  2 ogres
  2 orc warriors
  A necrophage (D:5)
  A sky beast (D:6)
  A black bear (D:6)
  3 phantoms
  A big kobold (Sewer)
  Dowan (D:4)
  A howler monkey (D:4)
  A crimson imp (D:6)
  A hound (D:5)
  A jelly (D:6)
  A gnoll shaman (D:5)
  An orc priest (D:5)
  4 orc wizards
  A centaur skeleton (D:5)
  A worker ant (D:6)
  A worker ant zombie (D:5)
  3 gnolls (D:5)
  6 adders
  An ooze (D:2)
  3 worms
  An adder skeleton (D:4)
  4 dart slugs
  5 leopard geckos
  32 orcs
  2 ball pythons
  7 bats
  8 giant cockroaches
  6 hobgoblins
  4 jackals
  10 kobolds
  4 frilled lizards
  6 goblins
  A jackal zombie (D:5)
  A leopard gecko zombie (D:5)
  A quokka skeleton (D:4)
  5 rats
139 creatures vanquished.

Notes
Turn   | Place    | Note
-------+----------+-------------------------------------------
     0 | D:1      | Ponchio the Deep Elf Earth Elementalist began the quest for
                  | the Orb.
     0 | D:1      | Reached XP level 1. HP: 10/10 MP: 6/6
   282 | D:1      | Reached XP level 2. HP: 15/15 MP: 4/8
   606 | D:1      | Reached skill level 4 in Earth Magic
   753 | D:2      | Reached XP level 3. HP: 15/19 MP: 7/10
   899 | D:2      | Learned a level 2 spell: Passwall
   903 | D:2      | Learned a level 3 spell: Stone Arrow
   971 | D:2      | Found a hazy altar of Hepliaklqana.
   980 | D:2      | Found a glowing golden altar of the Shining One.
  1536 | D:2      | Reached XP level 4. HP: 24/24 MP: 7/12
  1820 | D:3      | Reached skill level 5 in Earth Magic
  2077 | D:3      | Found an opulent altar of Gozag.
  2078 | D:3      | Found a runed translucent gate.
  2078 | D:3      | Found a runed translucent gate.
  2078 | D:3      | Found a runed translucent gate.
  2083 | D:3      | Noticed splitbrain's ghost (amateur HuAs)
  2083 | D:3      | Noticed an orc warrior
  2192 | D:3      | Found a glowing drain.
  2201 | D:3      | Reached XP level 5. HP: 26/28 MP: 10/14
  2209 | Sewer    | Entered a sewer
  2319 | Sewer    | Reached skill level 5 in Spellcasting
  2319 | Sewer    | Reached skill level 6 in Earth Magic
  2328 | Sewer    | Learned a level 4 spell: Petrify
  2399 | Sewer    | Noticed Purgy
  2402 | Sewer    | Killed Purgy
  2402 | Sewer    | Reached XP level 6. HP: 32/32 MP: 11/16
  2488 | D:3      | Learned a level 5 spell: Lee's Rapid Deconstruction
  2899 | D:4      | Found an iron altar of Okawaru.
  3220 | D:4      | Noticed Dowan
  3234 | D:4      | Noticed Duvessa
  3236 | D:4      | Killed Dowan
  3236 | D:4      | Reached skill level 7 in Earth Magic
  3237 | D:4      | Killed Duvessa
  3237 | D:4      | Reached XP level 7. HP: 36/36 MP: 5/18
  3474 | D:5      | Entered Level 5 of the Dungeon
  3528 | D:5      | Reached skill level 8 in Earth Magic
  3652 | D:5      | Noticed Eustachio
  3662 | D:5      | Killed Eustachio
  3663 | D:5      | Reached skill level 9 in Earth Magic
  3663 | D:5      | Reached XP level 8. HP: 41/41 MP: 4/21
  3764 | D:5      | Found a basalt altar of Yredelemnul.
  3820 | D:5      | Found a staircase to the Ecumenical Temple.
  3845 | Temple   | Entered the Ecumenical Temple
  4198 | D:5      | Found a runed translucent door.
  4808 | D:5      | Reached skill level 10 in Earth Magic
  4956 | D:5      | Identified the +1 chain mail of the Undertaker {rF++ MR-
                  | SInv}
  5120 | D:5      | Found a roughly hewn altar of Beogh.
  5332 | D:6      | Reached skill level 1 in Fighting
  5424 | D:6      | Reached XP level 9. HP: 24/49 MP: 15/24
  5447 | D:6      | Slain by an orc warrior

Levels and vault maps discovered:
D:1:      tarquinn_simple_flora_water_d, layout_rooms, minmay_quantized
D:2:      layout_basic, nicolae_overflow_hidden_temple, tso_altar,
          grunt_ministairs_6, chequers_serial_rivers_small_3
D:3:      layout_loops_ring, gup_sewer_entry_glass, ebering_ghost_gozag,
          minmay_crystal_room
D:4:      layout_loops_ring, old_standard_altar, first_ration, uniq_duvessa
D:5:      layout_gridville, nicolae_overflow_crystal_walls,
          minmay_temple_entry_large_hall, nrook_mini_backslash,
          lightli_church_of_beogh, uniq_eustachio
D:6:      layout_loops_ring, serial_shops, shop, chequers_serial_rivers_small_b
Temple:   compressed_dpeg_triangle_lava_temple

Skill      XL: |  1  2  3  4  5  6  7  8 |
---------------+-------------------------+-----
Earth Magic    | 4 5 6 7 9 10 | 10.1
Spellcasting   | 4 5 6 7 9 |  9.2
Fighting       | 2 |  2.6
Dodging        | 3 |  3.8
Stealth        | |  2.4
Transmutations | |  1.1

Action                   |  1- 3 |  4- 6 |  7- 9 || total
-------------------------+-------+-------+-------++-------
Melee: Dagger            |    42 |    38 |    32 ||   112
 Cast: Sandblast         |    35 |    50 |    63 ||   148
       Lee's Rapid Decon |       |     2 |    14 ||    16
       Petrify           |       |       |     2 ||     2
  Use: Scroll            |       |    11 |     7 ||    18
 Stab: Sleeping          |     6 |     6 |     3 ||    15
  Eat: Chunk             |     1 |     6 |     6 ||    13
       Ration            |       |       |     1 ||     1
Armor: Robe              |    12 |    13 |    14 ||    39
Dodge: Dodged            |    39 |    37 |    30 ||   106
